 Dungeon Crawl Stone Soup version 0.30.1-9-gdf580d7c3d (webtiles) character file.

Game seed: 10923571452249295320

371 Cheops the Chiller (level 6, -1/53 HPs)
             Began as an Ogre Ice Elementalist on Oct 24, 2023.
             Succumbed to a water moccasin's poison
             ... in a sewer.
             The game lasted 00:15:51 (3169 turns).

Cheops the Chiller (Ogre Ice Elementalist)          Turns: 3169, Time: 00:15:51

Health: -1/53      AC:  3    Str: 13    XL:     6   Next: 71%
Magic:  2/10       EV:  9    Int: 18    God:
Gold:   218        SH:  0    Dex:  9    Spells: 4/11 levels left

rFire   + . .        a - +1 whip (freeze)
rCold   + . .        (no shield)
rNeg    . . .        j - +0 robe
rPois   .            (helmet restricted)
rElec   .            (no cloak)
rCorr   .            (gloves unavailable)
SInv    .            (boots unavailable)
Will    .....        m - amulet of magic regeneration
Stlth   +            n - ring of protection from cold
HPRegen 0.28/turn    u - ring of protection from fire
MPRegen 0.52/turn

%: no passive effects
@: lethally poisoned (-1 -> -27), very slightly contaminated
A: large, unfitting armour, tough skin 1
a: no special abilities


You were in a sewer.
You visited 1 branch of the dungeon, and saw 4 of its levels.
You also visited: Sewer.

You collected 218 gold pieces.

Inventory:

Hand Weapons
 a - a +1 whip of freezing (weapon)
 b - a +2 dagger of protection
 c - a +2 dagger of venom
 d - a +0 club
 C - a +0 dire flail
Missiles
 o - 2 large rocks
 p - 36 stones (quivered)
Armour
 j - a +0 robe (worn)
 w - an orb of mayhem
Jewellery
 m - an amulet of magic regeneration (around neck)
 n - a ring of protection from cold (left hand)
 u - a ring of protection from fire (right hand)
Scrolls
 f - a scroll of amnesia
 g - 2 scrolls of blinking {unknown}
 i - 2 scrolls of enchant armour {unknown}
 r - a scroll of poison {unknown}
 s - a scroll of enchant weapon {unknown}
 v - 2 scrolls of immolation {unknown}
 x - a scroll of teleportation
 y - a scroll of silence
Potions
 e - 2 potions of degeneration {unknown}
 h - a potion of haste {unknown}
 k - a potion of magic
 l - 2 potions of attraction {unknown}
 q - 2 potions of brilliance {unknown}
 t - a potion of ambrosia {unknown}
 z - a potion of lignification {unknown}
 A - a potion of heal wounds {unknown}
 B - a potion of mutation {unknown}


   Skills:
 + Level 4.6 Maces & Flails
 - Level 1.7 Dodging
 - Level 1.4 Stealth
 - Level 3.0 Spellcasting
 - Level 5.0 Ice Magic


You had 4 spell levels left.
You knew the following spells:

 Your Spells              Type           Power      Damage    Failure   Level
a - Freeze                Ice            80%        1d9       1%          1
r - Frozen Ramparts       Ice            40%        1d7       6%          3
A - Ozocubu's Armour      Ice            20%        N/A       6%          3

Your spell library contained the following spells:

 Spells                   Type           Power      Damage    Failure   Level
 Slow                     Hex            8%         N/A       16%         1
 Confusing Touch          Hex            2%         N/A       43%         3
 Portal Projectile        Hex/Tloc       4%         N/A       43%         3
 Tukima's Dance           Hex            2%         N/A       43%         3
 Vampiric Draining        Necr           2%         2d6       43%         3
 Summon Ice Beast         Ice/Summ       11%        N/A       50%         4
 Blade Hands              Tmut           1%         N/A       99%         5


Dungeon Overview and Level Annotations

Branches:
Dungeon (4/15)              Sewer (1/1)
 Temple: D:4-7

Altars:
Okawaru
Qazlal
Vehumet

Shops:
D:1 :

Annotations:
D:4 1 transporter, exclusion: statue


Innate Abilities, Weirdness & Mutations

You are too large for most types of armour.
You have tough skin. (AC +1)


Message History

The water moccasin is heavily wounded.
You feel sick. The water moccasin bites you!
* * * LOW HITPOINT WARNING * * *
You are more poisoned.
The water moccasin poisons you! The water moccasin bites you.
* * * LOW HITPOINT WARNING * * *
Casting: Freeze (safe; 1% risk of failure)
Confirm with . or Enter, or press ? or * to list all spells.
Aiming: Freeze (safe; 1% risk of failure)
Press: ? - help, Shift-Dir - straight line, f/p - water moccasin
Aim: a water moccasin (heavily wounded)
You freeze the water moccasin.
The water moccasin is severely wounded.
You feel very sick. The water moccasin bites you.
* * * LOW HITPOINT WARNING * * *
Casting: Freeze (safe; 1% risk of failure)
Confirm with . or Enter, or press ? or * to list all spells.
Aiming: Freeze (safe; 1% risk of failure)
Press: ? - help, Shift-Dir - straight line, f/p - water moccasin
Aim: a water moccasin (severely wounded)
You freeze the water moccasin.
The water moccasin is severely wounded.
* * * LOW HITPOINT WARNING * * *
You feel very sick. The water moccasin bites you.
* * * LOW HITPOINT WARNING * * *
The water moccasin bites you.
* * * LOW HITPOINT WARNING * * *
You are more poisoned.
The water moccasin poisons you!
Casting: Freeze (safe; 1% risk of failure)
Confirm with . or Enter, or press ? or * to list all spells.
Aiming: Freeze (safe; 1% risk of failure)
Press: ? - help, Shift-Dir - straight line, f/p - water moccasin
Aim: a water moccasin (severely wounded)
You freeze the water moccasin!
The water moccasin is almost dead.
The water moccasin seems to slow down.
You die...

.#.# #.~~
##~..##
#....~#
.....##
#...#
#~.##
#.S.#
##@.# #.
#..# #..
#..# #.~#
##..# #.~~
#.~.#
#~.###.~##
#...#~..#
#...~.##
#.....#


You could see a water moccasin (slow).

Vanquished Creatures
  An orc warrior (D:4)
  A sleepcap (D:4)
  3 orc wizards
  3 gnolls (D:2)
  4 adders
  2 worms (D:2)
  3 dart slugs
  7 orcs
  5 bats
  3 endoplasms
  5 giant cockroaches
  9 goblins
  7 hobgoblins
  7 jackals
  4 quokkas (D:4)
  9 ball pythons
  3 frilled lizards
  9 kobolds
  10 rats
95 creatures vanquished.

Notes
Turn   | Place    | Note
-------+----------+-------------------------------------------
     0 | D:1      | Cheops the Ogre Ice Elementalist began the quest for the
                  | Orb.
     0 | D:1      | Reached XP level 1. HP: 16/16 MP: 3/3
   160 | D:1      | Reached skill level 4 in Ice Magic
   160 | D:1      | Reached XP level 2. HP: 24/24 MP: 0/5
   751 | D:1      | Found Qaloin's Book Shop.
   821 | D:1      | Reached XP level 3. HP: 23/31 MP: 0/6
   825 | D:1      | Learned a level 3 spell: Frozen Ramparts
  1313 | D:2      | Reached skill level 5 in Ice Magic
  1315 | D:2      | Reached XP level 4. HP: 23/39 MP: 6/8
  1414 | D:2      | Learned a level 3 spell: Ozocubu's Armour
  1522 | D:2      | Reached skill level 1 in Maces & Flails
  2066 | D:3      | Reached XP level 5. HP: 45/45 MP: 7/9
  2082 | D:3      | Found a stormy altar of Qazlal.
  2287 | D:3      | Found an iron altar of Okawaru.
  2878 | D:4      | Found a transporter.
  2900 | D:4      | Noticed an orc warrior
  2907 | D:4      | Killed an orc warrior
  2908 | D:4      | Reached XP level 6. HP: 26/53 MP: 5/10
  2925 | D:4      | Found a radiant altar of Vehumet.
  3113 | D:4      | Found a glowing drain.
  3120 | Sewer    | Entered a sewer
  3157 | Sewer    | Noticed a water moccasin
  3169 | Sewer    | Succumbed to a water moccasin's poison

Illustrated notes

Levels and vault maps discovered:
D:1:      spicycebolla_arrival_ecumenical, layout_basic, serial_shops, shop
D:2:      layout_basic, chequers_serial_rivers_small_a,
          wander_ebering_terrifying_dragon_lair
D:3:      layout_rooms, mainiacjoe_overflow_tiny_flanked,
          nicolae_qazlal_general_emergency
D:4:      gammafunk_steamed_eel, layout_loops_ring, vehumet_statue,
          kennysheep_mini, grunt_gozag_statues, gup_sewer_entry_bubbles
Sewer:    sewer_the_moccasin

Skill      XL: |  1  2  3  4  5 |
---------------+----------------+-----
Ice Magic      | 4 5 |  5.0
Spellcasting   | 3 |  3.0
Maces & Flails | 1 4 |  4.6
Dodging        | |  1.7
Stealth        | |  1.4

Action                     |  1- 3 |  4- 6 || total
---------------------------+-------+-------++-------
  Melee: Unarmed           |    12 |       ||    12
         Dagger            |    50 |       ||    50
         Whip              |       |    56 ||    56
         Punch             |       |     1 ||     1
  Throw: Stone             |     3 |     1 ||     4
   Cast: Freeze            |    30 |    62 ||    92
         Frozen Ramparts   |     1 |     5 ||     6
    Use: Scroll            |       |     3 ||     3
   Stab: Sleeping          |     1 |       ||     1
 Armour: Robe              |    28 |    20 ||    48
  Dodge: Dodged            |    48 |    30 ||    78
